AoeStats
← Shanks ehh

Lombardia

507112045Analyzed
2v2 RM · 14d ago on Sep 16, 2026· 29m 8s· 4 players
Game mode
Random Map
Map size
Medium (4 player)
Population
200
Speed
Normal
Resources
Standard
Victory
Conquest
Starting age
Dark Age
Ending age
Imperial Age
RankedLock teamsTeams togetherTeam positionsShared explorationLock speedFull tech treeHidden civsTurbo modeCheats
Victory
Defeat
🇮🇳 Magyars · India
1097
+15
🇮🇳 Malay · India
1028
+18
🇩🇪 Mongols · Germany
1100
-18
🇩🇪 Romans · Germany
1041
-15
lonelion_
6:38 Loom
9:22 Feudal Age
10:04 Double-Bit Axe
10:00 Horse Collar
13:39 Wheelbarrow
15:17 Bloodlines
15:37 Bloodlines
17:27 Scale Barding Armor
22:37 Castle Age
23:40 Chain Barding Armor
23:24 Husbandry
23:51 Bow Saw
23:42 Heavy Plow
Shanks ehh
6:21 Loom
9:26 Loom
11:14 Feudal Age
11:28 Man-at-Arms
11:54 Arson
12:40 Town Watch
16:17 Wheelbarrow
20:42 Gold Mining
23:13 Castle Age
21:45 Forging
22:04 Stone Mining
22:25 Long Swordsman
23:06 Squires
22:52 Pikeman
Freund_der_Sonne37
1:20 Loom
11:14 Feudal Age
19:41 Castle Age
18:00 Man-at-Arms
21:59 Horse Collar
22:30 Double-Bit Axe
27:14 Forging
28:27 Wheelbarrow
Dübel Dieter
6:25 Loom
9:42 Feudal Age
13:21 Double-Bit Axe
21:32 Castle Age
21:40 Bloodlines
22:14 Forging
22:10 Scale Barding Armor
23:26 Husbandry
23:44 Gold Mining
26:30 Horse Collar
Connection lost

Rejoining the realm…

Still unreachable

The connection could not be restored.

Session expired

The server has moved on; the page needs a fresh start.